 Dungeon Crawl Stone Soup version 0.31-a0-819-gf6de2f5ab6 (webtiles) character file.

Game seed: 2803575500222976138

23 Shayle the Vexing (level 2, 0/29 HPs)
             Began as an Ogre Hexslinger on Sept 24, 2023.
             Slain by a kobold
             ... wielding a +4 short sword
              (7 damage)
             ... on level 2 of the Dungeon.
             The game lasted 00:00:55 (784 turns).

Shayle the Vexing (Ogre Hexslinger)                  Turns: 784, Time: 00:00:55

Health: 0/29       AC:  3    Str: 11    XL:     2   Next: 95%
Magic:  3/3        EV: 10    Int: 14    God:
Gold:   73         SH:  0    Dex: 11    Spells: 3/3 levels left

rFire   + . .        a - +1 sling
rCold   . . .        (no shield)
rNeg    . . .        c - +0 robe
rPois   +            (helmet restricted)
rElec   .            (no cloak)
rCorr   .            (gloves unavailable)
SInv    .            (boots unavailable)
Will    .....        (no amulet)
Stlth   +            k - ring of protection from fire
HPRegen 0.24/turn    (no ring)
MPRegen 0.08/turn

%: no passive effects
@: confused, ambrosia-drunk
A: large, unfitting armour, tough skin 1, poison resistance
a: no special abilities


You were on level 2 of the Dungeon.
You visited 1 branch of the dungeon, and saw 2 of its levels.

You collected 73 gold pieces.

Inventory:

Hand Weapons
 a - a +1 sling (weapon)
Armour
 c - a +0 robe (worn)
Jewellery
 k - a ring of protection from fire (left hand)
Scrolls
 b - a scroll of poison
 e - a scroll of teleportation {unknown}
 f - a scroll of brand weapon {unknown}
 g - a scroll of identify {unknown}
Potions
 d - a potion of cancellation {unknown}
 h - a potion of curing {unknown}


   Skills:
 + Level 2.4 Fighting
 - Level 1.3 Ranged Weapons
 * Level 2.6 Dodging
 - Level 1.2 Spellcasting
 - Level 2.6 Hexes
 - Level 0.8 Fire Magic


You had 3 spell levels left.
You didn't know any spells.
Your spell library contained the following spells:

 Spells                   Type           Power      Damage    Failure   Level
 Jinxbite                 Hex            16%        N/A       13%         2
 Kiss of Death            Conj/Necr      0%         2d5       26%         1
 Confusing Touch          Hex            8%         N/A       26%         3
 Sigil of Binding         Hex            8%         N/A       26%         3
 Inner Flame              Hex/Fire       5%         N/A       36%         3
 Cause Fear               Hex            4%         N/A       65%         4
 Dimensional Bullseye     Hex/Tloc       2%         N/A       83%         4
 Dispel Undead            Necr           0%         3d6       95%         4


Dungeon Overview and Level Annotations

Branches:
Dungeon (2/15)

Altars:


Innate Abilities, Weirdness & Mutations

You are too large for most types of armour.
You have tough skin. (AC +1)
Your system is resistant to poisons. (rPois)


Message History

The kobold throws a stone.
The stone barely misses you.
There are monsters nearby!
You shoot a sling bullet.
The sling bullet closely misses the hobgoblin.
An adder comes into view.
A frilled lizard comes into view.
The frilled lizard hisses angrily.
The kobold hits you with a +4 short sword.
There is an open door, spattered with blood here.
You shoot a sling bullet.
The sling bullet closely misses the kobold.
The adder hisses angrily.
The kobold completely misses you.
A rat comes into view.
The hobgoblin hits you.
The kobold hits you with a +4 short sword!
You shoot a sling bullet.
The sling bullet closely misses the kobold.
The sling bullet closely misses the frilled lizard.
The hobgoblin hits you.
The kobold hits you with a +4 short sword.
You shoot a sling bullet.
The sling bullet hits the kobold but does no damage.
The hobgoblin hits you.
The kobold hits you with a +4 short sword.
* * * LOW HITPOINT WARNING * * *
The giant cockroach bites you but does no damage.
The hobgoblin barely misses you.
Okay, then.
It was a potion of mutation.
You feel extremely strange.
You feel resistant to poisons.
The kobold hits you with a +4 short sword.
* * * LOW HITPOINT WARNING * * *
The giant cockroach closely misses you. The hobgoblin hits you.
* * * LOW HITPOINT WARNING * * *
It was a potion of ambrosia.
You are confused.
You feel invigorated. The giant cockroach barely misses you.
The kobold hits you with a +4 short sword!
You die...

..
..#################
................>####
#...................
#...............##
#..r.........)...#
#............###.#
#..BgS†.....## #.#
#.##@######.# #.# #K#
#.# #.# #l# #.# #.#
#.# ..# #.# #..
#######.### ...
..........# ..#
#######.#.# ...
#...#.#.# #.#.#.#.#


You could see an adder, a giant cockroach, a hobgoblin, a kobold, a frilled
lizard and a rat.

Vanquished Creatures
  A dart slug (D:1)
  A bat (D:1)
  2 endoplasms (D:1)
  A giant cockroach (D:1)
  3 goblins
  A hobgoblin (D:2)
  2 quokkas (D:1)
  2 ball pythons
  2 frilled lizards (D:1)
  A kobold (D:1)
  3 rats
19 creatures vanquished.

Notes
Turn   | Place    | Note
-------+----------+-------------------------------------------
     0 | D:1      | Shayle the Ogre Hexslinger began the quest for the Orb.
     0 | D:1      | Reached XP level 1. HP: 19/19 MP: 2/2
    89 | D:1      | Reached XP level 2. HP: 28/28 MP: 3/3
   783 | D:2      | Gained mutation: Your system is resistant to poisons.
                  | (rPois) [potion of mutation]
   783 | D:2      | HP: 1/29 [hobgoblin (2)]
   784 | D:2      | Slain by a kobold

Illustrated notes

Levels and vault maps discovered:
D:1:      minmay_arrival_shoal_huts, layout_loops_ring
D:2:      layout_basic

Skill      XL: |  1 |
---------------+----+-----
Dodging        | 2 |  2.6
Fighting       | 2 |  2.4
Ranged Weapons | |  1.3
Spellcasting   | |  1.2
Hexes          | |  2.6
Fire Magic     | |  0.8

Action                     || total
---------------------------++-------
   Fire: Sling             ||    57
    Use: Potion            ||     2
 Armour: Robe              ||    18
  Dodge: Dodged            ||    12

Table legend: (Time is in decaauts)
 A = Elapsed time spent in this place.
 B = Non-inter-level travel time spent in this place.
 C = Inter-level travel time spent in this place.
 D = Time resting spent in this place.
 E = Time spent auto-exploring this place.
 F = Levels seen in this place.
 G = Mean time per level.
                   A        B        C        D        E       F      G
               +--------+--------+--------+--------+--------+-----+--------+
         Total |    802 |    765 |     37 |      0 |    639 |   2 |  401.0 |
       Dungeon |    802 |    765 |     37 |      0 |    639 |   2 |  401.0 |
               +--------+--------+--------+--------+--------+-----+--------+

Top non-repeatable levels by time:
     D:1: 645 daAuts
     D:2: 157 daAuts
